Cogmind - Beta 12 @@@ ROGUE MODE // 2023.03.11 @ 12:54:00 Player: Plexion Result: Destroyed by ME-RLN with Improved Arc Thrower Performance ------------- Evolutions (1) 500 Regions Visited (6) 1200 Robots Destroyed (49) 245 Value Destroyed (893) 893 Prototype IDs (25) 500 Alien Tech Used (0) 0 Bonus (385) 385 TOTAL SCORE: 3723 Bonus ------- High Alert Combat Kills 34 Follower Combat Kills 63 Aligned with FarCom 300 Friendly Fire -12 Cogmind --------- Core Integrity 0/400 Matter 300/300 Energy 100/100 System Corruption 6% Temperature Cool (0) Movement Core (350) Ox6 Location -8/Mines Parts ------- > --- POWER (1) -------- (None) > --- PROPULSION (3) --- (None) > --- UTILITY (3) ------ Large Storage Unit Improved Targeting Computer > --- WEAPON (2) ------- (None) > --- INVENTORY (15) --- Improved Treads High-capacity Matter Pod (200) Experimental Sensor Array Experimental Targeting Computer Advanced Weapon Cycler Improved Light Armor Plating Improved Light Armor Plating Improved Light Armor Plating Reactive Plating Hacking Suite Decoy Drone Bay (16/16) Peak State ------------ > --- POWER ------------ Ion Engine > --- PROPULSION ------- Light Treads Light Treads > --- UTILITY ---------- Large Storage Unit Decoy Drone Bay > --- WEAPON ----------- Assault Rifle Assault Rifle > --- INVENTORY -------- Light Ion Engine Light Treads High-capacity Matter Pod Experimental Sensor Array EM Pulse Gun Beamcaster Light Assault Rifle Light Cannon Light Cannon [Rating: 22] Favorites ----------- Power Improved Ion Engine Engine Improved Ion Engine Propulsion Light Treads Treads Light Treads Utility Large Storage Unit Device Shield Generator Storage Large Storage Unit Processor Improved Targeting Computer Protection Reactive Plating Weapon Heavy Assault Rifle Energy Gun EM Pulse Gun Ballistic Gun Heavy Assault Rifle Launcher Grenade Launcher Build | -11 -10 -10 -9 -9 -9 -8 ------- Run | Jun Mat Min Mat Min Exi Min Slots Evolved 2 | . . . 2 . . . Power . | . . . . . . . Propulsion 1 | . . . 1 . . . Utility 1 | . . . 1 . . . Weapon . | . . . . . . . Parts Attached 47 | 7 1 1 28 . 9 1 Power 3 | 1 . . 1 . 1 . Engine 3 | 1 . . 1 . 1 . Core . | . . . . . . . Reactor . | . . . . . . . Propulsion 15 | 2 . . 11 . 1 1 Treads 15 | 2 . . 11 . 1 1 Leg . | . . . . . . . Wheel . | . . . . . . . Hover . | . . . . . . . Flight . | . . . . . . . Utility 13 | 1 1 1 9 . 1 . Device 5 | . . 1 4 . . . Storage 2 | 1 1 . . . . . Processor 1 | . . . . . 1 . Hackware . | . . . . . . . Protection 5 | . . . 5 . . . Artifact . | . . . . . . . Weapon 16 | 3 . . 7 . 6 . Energy Gun 1 | 1 . . . . . . Energy Cannon . | . . . . . . . Ballistic Gun 10 | 2 . . 5 . 3 . Ballistic Cannon . | . . . . . . . Launcher 5 | . . . 2 . 3 . Special Weapon . | . . . . . . . Impact Weapon . | . . . . . . . Slashing Weapon . | . . . . . . . Piercing Weapon . | . . . . . . . Special Melee Weapon . | . . . . . . . Unidentified Prototypes 2 | . . 1 1 . . . Parts Lost 15 | . . . 2 . 6 7 Power 2 | . . . . . 1 1 Propulsion 5 | . . . . . 1 4 Utility 2 | . . . 1 . . 1 Weapon 6 | . . . 1 . 4 1 Highest Loss Streak 7 | . . . 1 . 6 7 To Critical Strikes 6 | . . . . . 6 . Average Slot Usage (%) 93 | . 85 85 97 100 93 57 Engine 11 | . 14 14 11 11 11 7 Treads 31 | . 28 28 33 33 33 20 Device 1 | . . . 4 . . . Storage 11 | . 14 14 11 11 11 11 Processor 2 | . . . . . 7 11 Protection 12 | . . . 15 22 14 2 Ballistic Gun 19 | . 28 28 21 22 13 . Launcher 1 | . . . . . 2 4 Naked Turns . | . . . . . . . Heaviest Build 46 | 14 29 30 46 46 46 38 Greatest Support 66 | 40 40 40 63 63 66 66 Greatest Overweight (x) . | . . . . . . . Average Overweight (x) . | . . . . . . . Largest Inventory Capacity 15 | 8 15 15 15 15 15 15 Average Capacity 14 | 6 13 15 15 15 15 15 Most Carried 15 | 2 3 11 15 15 15 13 Average Carried 12 | 1 2 7 14 15 12 12 Final Capacity 15 | 8 15 15 15 15 15 15 Final Carried 15 | 2 3 11 15 15 13 12 Class Distribution -------------------- 55% | Scavenger-Mutant 44% | Mutant Dominant Class ---------------- Mutant | -10/Materials Mutant | -10/Mines Scavenger-Mutant | -9/Materials Scavenger-Mutant | -9/Mines Scavenger-Mutant | -9/Exiles Mutant | -8/Mines Resources | -11 -10 -10 -9 -9 -9 -8 ----------- Run | Jun Mat Min Mat Min Exi Min Matter Collected 1837 | 250 . 70 871 34 604 8 Remotely . | . . . . . . . Salvage Created 1550 | . . 66 1265 50 169 . Parts 117 | . . 4 97 . 16 . Haulers Intercepted 5 | . . . 5 . . . Recyclers Shooed 1 | . . . 1 . . . Parts Field Recycled . | . . . . . . . Retrieved Matter . | . . . . . . . Parts Self-Destructed . | . . . . . . . Prevented . | . . . . . . . Kills | -11 -10 -10 -9 -9 -9 -8 ------- Run | Jun Mat Min Mat Min Exi Min Combat Hostiles Destroyed 34 | . . 3 27 3 1 . Melee 1 | . . . . . 1 . Guns 28 | . . 3 22 3 . . AOE 5 | . . . 5 . . . Classes Destroyed 13 | . . 2 8 1 2 . Worker 2 | . . . 2 . . . Builder 1 | . . . 1 . . . Hauler 5 | . . . 5 . . . Recycler 1 | . . . 1 . . . Mechanic 1 | . . . 1 . . . Operator 1 | . . . 1 . . . Turret 1 | . . . . . 1 . Watcher 1 | . . . 1 . . . Swarmer 15 | . . 2 13 . . . Grunt 6 | . . 1 5 . . . Sentry 9 | . . . 9 . . . Zionite 4 | . . . . . 4 . Assembled 3 | . . . . 3 . . Best Kill Streak 6 | . . 1 6 3 2 . Combat Bots Only 4 | . . 1 4 3 1 . Max Kills in Single Turn 3 | . . 1 3 1 1 . Gunslinging . | . . . . . . . Exploded 2 | . . . 2 . . . Melee 1 | . . . . . 1 . Uniques/NPCs Destroyed 3 | . . . . . 3 . 8R-AWN (-9/Exiles) EX-DEC (-9/Exiles) EX-BIN (-9/Exiles) Combat | -11 -10 -10 -9 -9 -9 -8 -------- Run | Jun Mat Min Mat Min Exi Min Damage Taken 2678 | . . 31 1044 36 842 725 Core 436 | . . 31 117 8 104 176 Absorbed by Shields 77 | . . . 77 . . . Core Remaining (%) 93 | 100 . 87 . . . . Volleys Fired 184 | . . 5 97 4 78 . Largest 2 | . . 2 2 2 2 . Hottest 46 | . . 40 46 46 46 . Shots Fired 319 | . . 10 188 8 113 . Gun 278 | . . 10 182 8 78 . Cannon . | . . . . . . . Launcher 41 | . . . 6 . 35 . Special . | . . . . . . . Kinetic 278 | . . 10 182 8 78 . Thermal . | . . . . . . . Explosive 41 | . . . 6 . 35 . Electromagnetic . | . . . . . . . Robot Hit Streak 25 | . . 3 16 7 25 . Robot Miss Streak 4 | . . 1 4 1 2 . Penetration Max . | . . . . . . . Secondary Targets 1 | . . . 1 . . . Max Gunslinging Chain 1 | . . . 1 . . . Shots Hit Robots 204 | . . 6 123 6 69 . Core Hits 101 | . . 4 51 6 37 3 Critical Kills . | . . . . . . . Critical Parts Destroyed 1 | . . . 1 . . . Critical Strikes 1 | . . . 1 . . . Destroy 1 | . . . 1 . . . Melee Attacks . | . . . . . . . Impact . | . . . . . . . Slashing . | . . . . . . . Piercing . | . . . . . . . Sneak Attacks . | . . . . . . . Combat Hostiles . | . . . . . . . Follow-up Attacks . | . . . . . . . Damage Inflicted 4221 | . . 86 2142 85 1801 107 Guns 3098 | . . 86 1916 85 1011 . Cannons . | . . . . . . . Explosions 890 | . . . 224 . 666 . Melee . | . . . . . . . Ramming 233 | . . . 2 . 124 107 Kinetic 3098 | . . 86 1916 85 1011 . Thermal . | . . . . . . . Explosive 890 | . . . 224 . 666 . Electromagnetic . | . . . . . . . Impact . | . . . . . . . Slashing . | . . . . . . . Piercing . | . . . . . . . Highest Corruption 6 | . . . . . . 6 Average Corruption 4 | . . . . . . 4 Corruption Purged . | . . . . . . . Corruption Blocked . | . . . . . . . Overload Shots . | . . . . . . . Overflow Damage 30 | . . . 10 . 20 . Projectiles . | . . . . . . . Explosions 10 | . . . 10 . . . Melee 20 | . . . . . 20 . Knockbacks 2 | . . . . . 2 . Impact 2 | . . . . . 2 . Kinetic . | . . . . . . . Secondary . | . . . . . . . Self-Inflicted Damage . | . . . . . . . Shots . | . . . . . . . Rammed 75 | . . . . . 25 50 Targets Rammed 79 | . . . 1 . 28 50 Kicked . | . . . . . . . Crushed 4 | . . . 1 . 3 . Highest Temperature 36 | . . 2 36 . . . Average Temperature 11 | . . 2 12 . . . Received Heat Transfer 288 | . . 15 273 . . . Siege Activations . | . . . . . . . Robots Corrupted . | . . . . . . . Combat Hostiles . | . . . . . . . Parts Fried 2 | . . . . . 2 . Impact Corruptions 16 | . . . . . 15 1 Robots Melted . | . . . . . . . Combat Hostiles . | . . . . . . . Parts Melted . | . . . . . . . Heat Transferred . | . . . . . . . Parts Sabotaged . | . . . . . . . Parts Stolen . | . . . . . . . Parts Stripped . | . . . . . . . Power Chain Reactions . | . . . . . . . Missiles Intercepted . | . . . . . . . Alert | -11 -10 -10 -9 -9 -9 -8 ------- Run | Jun Mat Min Mat Min Exi Min Peak Influence 511 | . 39 156 511 199 . . Initial 199 | . . 15 60 199 . . Average 191 | . 17 56 279 199 . . Maximum Alert Level 2 | . . . 2 . . . Low Security (%) 62 | 100 100 100 37 100 . 100 Level 1 24 | . . . 41 . . . Level 2 12 | . . . 21 . . . Level 3 . | . . . . . . . Level 4 . | . . . . . . . Level 5 . | . . . . . . . High Security . | . . . . . . . Max Security . | . . . . . . . Squads Dispatched 2 | . . . 2 . . . Investigation 1 | . . . 1 . . . Extermination . | . . . . . . . Reinforcement 1 | . . . 1 . . . Assault . | . . . . . . . Garrison . | . . . . . . . Intercept . | . . . . . . . Searches Triggered . | . . . . . . . Construction Impeded . | . . . . . . . Haulers Reinforced . | . . . . . . . Active Scanning Responses . | . . . . . . . Cargo Convoy Interrupts . | . . . . . . . Stealth | -11 -10 -10 -9 -9 -9 -8 --------- Run | Jun Mat Min Mat Min Exi Min Distress Signals 3 | . . . 3 . . . Communications Jammed . | . . . . . . . Distress Signals . | . . . . . . . Times Spotted 98 | . 2 8 40 3 44 1 Peak Tracking Total 10 | . 1 3 5 3 10 1 Tactical Retreats 18 | . . . 4 . 14 . Traps | -11 -10 -10 -9 -9 -9 -8 ------- Run | Jun Mat Min Mat Min Exi Min Traps Triggered . | . . . . . . . Indirectly . | . . . . . . . Trap Hack Attempts . | . . . . . . . Triggered . | . . . . . . . Disarmed . | . . . . . . . Reprogrammed . | . . . . . . . Reused . | . . . . . . . Traps Extracted . | . . . . . . . Installed . | . . . . . . . Triggered . | . . . . . . . Exploded 3 | . . . . . 3 . Machines | -11 -10 -10 -9 -9 -9 -8 ---------- Run | Jun Mat Min Mat Min Exi Min Machines Disabled 11 | . . . 1 . 10 . Max in Single Turn 2 | . . . 1 . 2 . Machines Repaired . | . . . . . . . Machines Sabotaged . | . . . . . . . Overloaded Fab Kills . | . . . . . . . Hacking | -11 -10 -10 -9 -9 -9 -8 --------- Run | Jun Mat Min Mat Min Exi Min Machines Accessed 14 | . 4 3 5 . 2 . Terminals 9 | . 3 2 4 . . . Fabricators . | . . . . . . . Repair Stations 2 | . 1 . 1 . . . Recycling Units . | . . . . . . . Scanalyzers . | . . . . . . . Garrison Access . | . . . . . . . Total Hacks 33 | . 13 6 12 . 2 . Successful 12 | . 4 3 3 . 2 . Failed 19 | . 8 2 9 . . . Catastrophic 3 | . 1 . 2 . . . Database Lockouts 2 | . 1 1 . . . . Manual 30 | . 14 5 10 . 1 . Terminals 26 | . 11 5 10 . . . Fabricators . | . . . . . . . Repair Stations 4 | . 2 . 2 . . . Recycling Units . | . . . . . . . Scanalyzers . | . . . . . . . Garrison Access . | . . . . . . . Terminal Hacks 10 | . 3 3 2 . 2 . Record 1 | . . . . . 1 . Robot Analysis 6 | . 3 1 2 . . . Open Door 1 | . . 1 . . . . Zone Layout 1 | . . 1 . . . . EX-Prototype ID Bank 1 | . . . . . 1 . Fabricator Hacks . | . . . . . . . Repair Station Hacks 1 | . . . 1 . . . Scan Component 1 | . . . 1 . . . Recycling Unit Hacks . | . . . . . . . Scanalyzer . | . . . . . . . Garrison Access Hacks . | . . . . . . . Unauthorized Hacks 1 | . 1 . . . . . Terminals . | . . . . . . . Fabricators . | . . . . . . . Repair Stations 1 | . 1 . . . . . Mechanics 1 | . 1 . . . . . Recycling Units . | . . . . . . . Scanalyzers . | . . . . . . . Garrison Access . | . . . . . . . Data Cores Recovered . | . . . . . . . Used . | . . . . . . . Hacking Detections 10 | . 4 1 5 . . . Full Trace Events 2 | . 1 . 1 . . . Feedback Events . | . . . . . . . Feedback Blocked . | . . . . . . . Robot Schematics Acquired . | . . . . . . . Robots Built . | . . . . . . . Authchips . | . . . . . . . Time . | . . . . . . . Total Robot Build Rating . | . . . . . . . Part Schematics Acquired . | . . . . . . . Parts Built . | . . . . . . . Authchips . | . . . . . . . Time . | . . . . . . . Total Part Build Rating . | . . . . . . . Parts Repaired . | . . . . . . . Time . | . . . . . . . Parts Recycled . | . . . . . . . Recycled Matter . | . . . . . . . Retrieved Matter . | . . . . . . . Retrieved Components . | . . . . . . . Parts Scanalyzed . | . . . . . . . Part Schematics Acquired . | . . . . . . . Parts Damaged . | . . . . . . . Bothacking | -11 -10 -10 -9 -9 -9 -8 ------------ Run | Jun Mat Min Mat Min Exi Min Used RIF Installer . | . . . . . . . Robots Hacked . | . . . . . . . Non-combat . | . . . . . . . Combat . | . . . . . . . Robot Hacks Applied . | . . . . . . . Relay Couplers Released . | . . . . . . . Fabnet Peak Effective % . | . . . . . . . Robots Rewired . | . . . . . . . Allies Hacked . | . . . . . . . Hacks Repelled . | . . . . . . . Allies | -11 -10 -10 -9 -9 -9 -8 -------- Run | Jun Mat Min Mat Min Exi Min Total Allies 5 | . . 5 . . . . Largest Group 4 | . . 4 1 . . . Highest-Rated Group 80 | . . 80 17 . . . Highest-Rated Ally 31 | . . 31 17 . . . Total Orders . | . . . . . . . Ally Attacks 20 | . . 20 . . . . Total Damage 258 | . . 258 . . . . Kills 5 | . . 5 . . . . Allies Corrupted . | . . . . . . . Allies Melted . | . . . . . . . Intel | -11 -10 -10 -9 -9 -9 -8 ------- Run | Jun Mat Min Mat Min Exi Min Robot Analysis Total 6 | . 3 1 2 . . . Derelict Logs Recovered 2 | . . 2 . . . . Drone Launches . | . . . . . . . Drone Recoveries . | . . . . . . . Exploration | -11 -10 -10 -9 -9 -9 -8 ------------- Run | Jun Mat Min Mat Min Exi Min Turns Passed 4994 | 75 207 738 1899 190 1782 103 Spaces Moved 2523 | 42 128 432 940 56 916 9 Core 3 | 3 . . . . . . Treads 2520 | 39 128 432 940 56 916 9 Legs . | . . . . . . . Wheels . | . . . . . . . Hover . | . . . . . . . Flight . | . . . . . . . Fastest Speed 50 | 50 160 160 160 160 160 160 Average Speed 159 | 152 160 160 160 160 160 160 Slowest Speed 160 | 160 160 160 160 160 160 160 Overloaded Moves . | . . . . . . . Propulsion Burnouts . | . . . . . . . Robots Hopped . | . . . . . . . Cave-ins Triggered . | . . . . . . . Exploration Rate (%) 44 | 4 23 89 83 12 90 9 Regions Visited 6 Branch Regions 4 Pre-discovered Areas 2 | . . 1 . . 1 . Known Exits Taken . | . . . . . . . Unknown Exits Taken 6 | 1 1 1 1 1 1 . Scrap Searched 3 | . . 3 . . . . Spaces Dug 7 | . . . 7 . . . Terrain Destroyed 46 | . . . 35 . 11 . Melee . | . . . . . . . Projectile . | . . . . . . . AOE 46 | . . . 35 . 11 . Terrain Rammed . | . . . . . . . Walls Destroyed . | . . . . . . . Machines Disabled . | . . . . . . . Actions | -11 -10 -10 -9 -9 -9 -8 --------- Run | Jun Mat Min Mat Min Exi Min Total 3132 | 50 131 469 1167 149 1106 60 Wait 204 | . . 24 34 90 56 . Move 2517 | 41 127 431 939 55 915 9 Hop . | . . . . . . . Pick Up 48 | 1 1 7 28 . 11 . Fast Attach 15 | 7 1 . 7 . . . Attach 11 | . . 1 3 . 6 1 Detach 7 | 1 1 1 3 . 1 . Swap 21 | . . . 18 . 3 . Drop 46 | . 1 . 37 . 8 . Fire 184 | . . 5 97 4 78 . Melee . | . . . . . . . Ram 3 | . . . . . . 3 Kick . | . . . . . . . Crush 76 | . . . 1 . 28 47 Escape Stasis . | . . . . . . . Rewire . | . . . . . . . Trap . | . . . . . . . Miscellaneous . | . . . . . . . Route ------- -11/Junkyard -10/Materials -10/Mines -9/Materials (discovered 4 exits: [*Mat x3] / [*Min]) -9/Mines -9/Exiles -8/Mines History --------- Turn | Location | Event 4 | -11/Junkyard | Discovered new exit (range 16) 76 | -11/Junkyard | Entered Materials 177 | -10/Materials | Discovered new exit (range 12) 245 | -10/Materials | Central database locked down 283 | -10/Materials | Entered Mines 291 | -10/Mines | Met a Derelict bent on vengeance 294 | -10/Mines | Found the Drone Emporium 303 | -10/Mines | Found Prototype Device 317 | -10/Mines | Build established: Mutant 332 | -10/Mines | Central database locked down 454 | -10/Mines | Found a damaged Exp. Sensor Array with a note attached 457 | -10/Mines | Found Prototype Device 463 | -10/Mines | Identified Exp. Sensor Array 504 | -10/Mines | Learned Materials emergency access door positions 704 | -10/Mines | Assisted by bots powering up and referring to "LRC-V3" 783 | -10/Mines | Learned Materials garrison access intel 1001 | -10/Mines | Discovered new exit (range 12) 1015 | -10/Mines | Learned location of Storage (-7) 1021 | -10/Mines | Entered Materials 1021 | -9/Materials | Accompanied by 1 ally 1021 | -9/Materials | Evolved 2 slots: Propulsion x1, Utility x1 1021 | -9/Materials | Identified Decoy Drone Bay 1315 | -9/Materials | Discovered new exit (range 10) 1805 | -9/Materials | Build established: Scavenger-Mutant 1836 | -9/Materials | Discovered new exit (range 8) 2351 | -9/Materials | Discovered new exit (range 8) 2774 | -9/Materials | Discovered new exit (range 7) 2920 | -9/Materials | Entered Mines 2921 | -9/Mines | Assembled infested the area 3102 | -9/Mines | Deemed a non-threat by the Exiles lab entrance 3104 | -9/Mines | Discovered new exit (range 5) 3110 | -9/Mines | Entered Exiles 3150 | -9/Exiles | Met 8R-AWN 3176 | -9/Exiles | Met EX-HEX 3261 | -9/Exiles | Met EX-DEC 3288 | -9/Exiles | Learned location of Zion (-7) 3365 | -9/Exiles | Discovered new exit (range 10) 3471 | -9/Exiles | Met EX-BIN 3499 | -9/Exiles | Aligned with FarCom system 3500 | -9/Exiles | Given EX-Vault access code 3540 | -9/Exiles | Opened EX-Vault 3577 | -9/Exiles | Warned to stay clear of 0b10 Research branches 4050 | -9/Exiles | Attacked by the Exiles 4229 | -9/Exiles | Core integrity fell below 50% 4260 | -9/Exiles | Destroyed 8R-AWN 4268 | -9/Exiles | Found Prototype Processor 4289 | -9/Exiles | Lost 6 parts (1p1n4w) 4538 | -9/Exiles | Build established: Mutant 4642 | -9/Exiles | Destroyed EX-DEC 4693 | -9/Exiles | Destroyed EX-BIN 4892 | -9/Exiles | Entered Mines 4907 | -8/Mines | ME-RLN came to Exiles' defense 4943 | -8/Mines | Core integrity fell below 20% 4995 | -8/Mines | Destroyed by ME-RLN with Improved Arc Thrower Last Messages --------------- 04919_ Slammed into ME-RLN. 04920_ Acquired 4 matter. 04921_ Slammed into ME-RLN. 04934_ Grenade Launcher destroyed. 04935_ Slammed into ME-RLN. 04937_ Imp. Treads destroyed. 04938_ Slammed into ME-RLN. 04938_ Destroyed Prototype Hackware. 04938_ ME-RLN system corrupted by crushing effect. 04940_ Slammed into ME-RLN. 04946_ T-07 Excavator reactivates. 04946_ Slammed into ME-RLN. 04957_ Imp. Treads destroyed. 04957_ Slammed into ME-RLN. 04961_ Lgt. Deuterium Engine destroyed. 04962_ Slammed into ME-RLN. 04984_ Lgt. Treads destroyed. 04985_ Slammed into ME-RLN. 04992_ Destabilizing: System interference. 04992_ Imp. Targeting Computer temporarily disabled. Map ----- +----------------------------------------------------+ | | | | | | | | | | | ????????????????????????????????????????????? | | ????????????????????????????????????????????? | | ????????????????????????????????????????????? | | ????????????????????????????????????????????? | | ????????????????????????????????????????????? | | ?????????????????????????????? ?????????????? | | ?????????????????????????????? ????????????? | | ?????????????????????????? """ #????????????? | | ?????????????????????????? """ #????????????? | | ?????????????????????????? ????????????? | | ??????????????????????????# ?????????????? | | ??????????????????????????# ?????????????? | | ??????????????????????????? ?????????????? | | ??????????????????????????? ?????????????? | | ???????????????????????????# #?????????????? | | ???????????????????????????# #?????????????? | | ???????????????????????????# #?????????????? | | ???????????????????????????# #?????????????? | | ???????????????????????????# #?????????????? | | ???????????????????????#####%%##????????????? | | ???????????????????????#%@%%%%%##???????????? | | ???????????????????????#p###%% ####????????? | | ???????????????????????#%## ####?????? | | ???????????????????????#%## ##????? | | ???????????????????????#%## #????? | | ???????????????????????%%### #????? | | ???????????????????????#%#?## #????? | | ???????????????????????# #??# #????? | | ???????????????????????# #??# ##????? | | ???????????????????????# #??# ######?????? | | ???????????????????????? ???## ##??????????? | | ???????????????????????? ????####???????????? | | ???????????????????????? ???????????????????? | | ???????????????????????? ???????????????????? | | ???????????????????????? ???????????????????? | | ???????????????????????? ???????????????????? | | ???????????????????????? ???????????????????? | | ????????????????????????????????????????????? | | ????????????????????????????????????????????? | | ????????????????????????????????????????????? | | ????????????????????????????????????????????? | | ????????????????????????????????????????????? | | ????????????????????????????????????????????? | | ????????????????????????????????????????????? | | ????????????????????????????????????????????? | +----------------------------------------------------+ Best States ------------- Heat Dissipation 50 Energy Generation 14 Energy Capacity 265 Matter Stores 300 Matter Capacity 300 Sight Range 16 Terrain Scan Density 10 Armor Coverage 300 Resistance: KI 20 Evasion (%) 40 Targeting Accuracy 6 Recoil Reduction 3 Item Schematics ----------------- None Robot Schematics ------------------ None Fabricated ------------ Nothing Alien Tech Used ----------------- None Achievements -------------- None Challenges ------------ None Game ------ Seed EnhancedDataBoregun Manual? 0 Play Time 00:24:13 Cumulative 344.9 hours Start 2023.03.11 @ 12:25:17 End 2023.03.11 @ 12:54:00 Sessions 1 Manual Loads 0 Difficulty Rogue Special Mode None Game No. 445 Rogue 358 Adventurer 87 Explorer 0 Win Type - Total 13 Types 6/0/5/1/1/0/0/0/0 Lore% 85 Gallery% 87 Achievement% 73 Wizard Run 0 Options --------- ASCII 0 Keyboard 1 Movement Numpad Keybinds 0 Fullscreen 1 Font 18/SmallcapsGlow Map View 76x50 Tactical HUD 1 Map Filters NONE Filters NONE Steam 1 RUN: b250f83c-5088-4fb4-8b26-91d3a11d48b6